 Dungeon Crawl Stone Soup version 0.24.0-13-gcf9b319 (webtiles) character file.

Game seed: 8354066233830678489, levelgen mode: deterministic

73 Balder the Skirmisher (level 4, -4/41 HPs)
             Began as a Minotaur Berserker on May 2, 2020.
             Was a Follower of Trog.
             Slain by Sigmund
             ... wielding a +3 scythe
              (7 damage)
             ... on level 2 of the Dungeon.
             The game lasted 00:04:02 (1563 turns).

Balder the Skirmisher (Minotaur Berserker)          Turns: 1563, Time: 00:04:02

Health: -4/41      AC:  4    Str: 22    XL:     4   Next: 8%
Magic:  3/3        EV: 12    Int:  4    God:    Trog [*.....]
Gold:   139        SH:  0    Dex: 10    Spells: 3/3 levels left

rFire    . . .     SeeInvis .   a - +0 mace
rCold    . . .     Gourm    .   (no shield)
rNeg     . . .     Faith    .   k - +1 leather armour
rPois    .         Spirit   .   (helmet restricted)
rElec    .         Reflect  .   (no cloak)
rCorr    .         Harm     .   (no gloves)
MR       .....                  (no boots)
Stlth    +.........             (no amulet)
HPRegen  0.13/turn              (no ring)
MPRegen  0.08/turn              (no ring)

@: flying
A: retaliatory headbutt, horns 2
a: Berserk, Renounce Religion


You were on level 2 of the Dungeon.
You worshipped Trog.
Trog was aware of your devotion.
You were not hungry.

You visited 1 branch of the dungeon, and saw 2 of its levels.

You collected 139 gold pieces.

Inventory:

Hand Weapons
 a - a +0 mace (weapon)
 f - a +0 short sword of venom
Armour
 k - a +1 leather armour (worn)
Jewellery
 e - an uncursed amulet of magic regeneration
Scrolls
 g - 2 scrolls of identify
 h - a scroll of enchant weapon {unknown}
Comestibles
 c - 6 rations
 j - 4 chunks of flesh


   Skills:
 * Level 4.7 Fighting
 * Level 4.2 Maces & Flails
 * Level 1.2 Throwing
 * Level 2.7 Armour
 * Level 2.6 Dodging


You had 3 spell levels left.
You didn't know any spells.
Your spell library was empty.

Dungeon Overview and Level Annotations

Branches:
Dungeon (2/15)

Altars:

Annotations:
D:2 Sigmund


Innate Abilities, Weirdness & Mutations

You reflexively headbutt those who attack you in melee.
You have a pair of horns on your head.


Message History

You sock something! Something hits you!
You hit something. Your headbutt misses something.
You hit something but do no damage. Something hits you but does no damage.
You hit something. Something hits you.
You completely miss something. Something hits you but does no damage.
You hit something. Something hits you!
* * * LOW HITPOINT WARNING * * *
As you read the scroll labeled KUYLEE HANARAO, it crumbles to dust.
It is a scroll of identify.
e - an uncursed amulet of magic regeneration You hit something.
Something hits you.
* * * LOW HITPOINT WARNING * * *
A magic dart appears from out of thin air!
The magic dart hits you.
* * * LOW HITPOINT WARNING * * *
As you read the scroll labeled FUTSEK XEFI, it crumbles to dust.
It is a scroll of enchant armour.
Your +0 leather armour glows green for a moment.
Something hits you!
You die...

## ### #.# ### .. ..## #
#.# #.. ...#..<# #÷###.. .#
.#....# #...... ... ...#.#
##...... ..#
...@#########....... .. #..
#.................#.
..##..##{###########...###.
#..#....'@..........### #.
....#...[##########.# #.
.##..#..## #.# #.
..##...#.# #.# #.
........############.#####.
...........÷...............
...........#########.#####.
#.>....................)...
#........(.###########.####


There were no monsters in sight!

Vanquished Creatures
  A worker ant (D:2)
  2 adders (D:2)
  An ooze (D:2)
  2 leopard geckos
  A bat (D:1)
  3 goblins
  4 hobgoblins (D:1)
  3 jackals (D:1)
  A quokka (D:2)
  3 frilled lizards (D:1)
  2 kobolds
  4 rats (D:1)
27 creatures vanquished.

Notes
Turn   | Place    | Note
-------+----------+-------------------------------------------
     0 | D:1      | Balder the Minotaur Berserker began the quest for the Orb.
     0 | D:1      | Reached XP level 1. HP: 19/19 MP: 0/0
   366 | D:1      | Reached XP level 2. HP: 27/27 MP: 1/1
   818 | D:2      | Reached XP level 3. HP: 8/33 MP: 2/2
  1216 | D:2      | Reached skill level 1 in Throwing
  1275 | D:2      | Reached XP level 4. HP: 32/41 MP: 3/3
  1546 | D:2      | Noticed Sigmund
  1563 | D:2      | Slain by Sigmund

Levels and vault maps discovered:
D:1:      scummos_arrival_star, layout_basic
D:2:      layout_basic, first_ration, minivault_26, uniq_sigmund

Skill      XL: |  1  2  3 |
---------------+----------+-----
Maces & Flails | 4 |  4.2
Fighting       | 4 |  4.7
Throwing       | 1 |  1.2
Armour         | |  2.7
Dodging        | |  2.6

Action                   |  1- 3 |  4- 6 || total
-------------------------+-------+-------++-------
Melee: Mace              |    58 |    20 ||    78
       Headbutt          |     5 |     2 ||     7
  Use: Potion            |     1 |     1 ||     2
       Scroll            |       |     2 ||     2
  Eat: Ration            |     1 |       ||     1
Armor: Animal skin       |     7 |     2 ||     9
       Leather armour    |       |     2 ||     2
Dodge: Dodged            |    35 |     8 ||    43
